 Dungeon Crawl Stone Soup version 0.30-a0-556-g0a0f5a245f (webtiles) character file.

Game seed: 1034031922372235157

1 Bnni the Vexing (level 1, 0/15 HPs)
             Began as a Formicid Hexslinger on Dec 27, 2022.
             Slain by a jackal (1 damage)
             ... on level 1 of the Dungeon.
             The game lasted 00:00:41 (127 turns).

Bnni the Vexing (Formicid Hexslinger)                Turns: 127, Time: 00:00:41

Health: 0/15       AC:  2    Str: 14    XL:     1   Next: 22%
Magic:  2/2        EV:  9    Int: 12    God:
Gold:   10         SH:  0    Dex: 14    Spells: 1/2 levels left

rFire   . . .      SeeInvis +    a - +1 sling
rCold   . . .      Faith    .    (no shield)
rNeg    . . .      Spirit   .    c - +0 robe
rPois   .          Reflect  .    (helmet unavailable)
rElec   .          Harm     .    (no cloak)
rCorr   .          Rampage  .    (no gloves)
Will    .....                    (no boots)
Stlth   +                        (no amulet)
HPRegen 0.22/turn                (no ring)
MPRegen 0.08/turn                (no ring)

@: constricted
A: permanent stasis, dig shafts and tunnels, antennae 3, four strong arms
a: Dig, Shaft Self


You were on level 1 of the Dungeon.
You visited 1 branch of the dungeon, and saw 1 of its levels.

You collected 10 gold pieces.

Inventory:

Hand Weapons
 a - a +1 sling (weapon)
Armour
 c - a +0 robe (worn)
Scrolls
 b - a scroll of poison
Potions
 d - a potion of haste {unknown}


   Skills:
 + Level 1.1 Fighting
 * Level 2.0 Ranged Weapons
 - Level 1.7 Dodging
 + Level 1.1 Spellcasting
 * Level 3.6 Hexes
 + Level 0.0 Fire Magic


You had one spell level left.
You knew the following spells:

 Your Spells              Type           Power      Damage    Failure   Level
a - Slow                  Hex            36%        N/A       7%          1

Your spell library contained the following spells:

 Spells                   Type           Power      Damage    Failure   Level
 Inner Flame              Hex/Fire       5%         N/A       38%         3
 Portal Projectile        Hex/Tloc       10%        N/A       38%         3
 Cause Fear               Hex            4%         N/A       54%         4


Dungeon Overview and Level Annotations

Branches:
Dungeon (1/15)

Altars:


Innate Abilities, Weirdness & Mutations

You cannot be hasted, slowed, berserked, paralysed or teleported.
You can dig through walls and to a lower floor.
You have a pair of large antennae on your head. (SInv)
Your four strong arms can wield two-handed weapons with a shield.


Message History

The jackal bites you but does no damage. x2
The ball python barely misses you. The ball python misses you.
You shoot a sling bullet. The sling bullet hits the jackal.
The jackal is moderately wounded.
You hear an angry hiss.
The ball python barely misses you. The ball python grabs you.
The ball python constricts you. The jackal barely misses you.
The jackal closely misses you. The ball python barely misses you.
The ball python constricts you.
You escape the ball python's grasp.
The jackal closely misses you. The jackal misses you. x2
The jackal attacks as you move away! The jackal barely misses you.
You shoot a sling bullet.
The sling bullet closely misses the jackal.
The sling bullet hits the jackal.
The jackal is heavily wounded.
The jackal bites you.
You shoot a sling bullet.
The sling bullet completely misses the jackal.
The jackal misses you. The ball python bites you. The ball python grabs you.
The ball python constricts you. The jackal bites you.
The ball python closely misses you. The ball python constricts you.
You are too injured to fight recklessly!
You are too injured to fight recklessly!
You are too injured to fight recklessly!
You shoot a sling bullet.
The sling bullet closely misses the jackal.
The jackal bites you.
* * * LOW HITPOINT WARNING * * *
The ball python barely misses you. The ball python constricts you.
* * * LOW HITPOINT WARNING * * *
The jackal bites you.
* * * LOW HITPOINT WARNING * * *
You shoot a sling bullet.
The sling bullet barely misses the jackal.
You hear an angry hiss.
The ball python barely misses you. The ball python constricts you.
* * * LOW HITPOINT WARNING * * *
The jackal bites you.
You die...

........ .....
......##.....
#.....#.....
#..!........
#...........
.####.....#.....
...{....h.......{
.$######S######.
#....P@h....###### {
......P...........#####
...≈≈≈...≈≈≈..........##
≈≈≈≈≈≈P..≈≈≈≈≈§≈≈≈......
≈≈≈≈≈≈...§≈≈≈≈§≈§≈≈§≈...
≈≈≈
≈≈≈≈#######§≈≈≈≈≈#≈≈≈≈≈≈
≈≈#≈≈≈# ≈≈##
###≈≈§≈#≈≈≈#≈. ≈≈#≈≈≈#
≈# ##§≈≈#≈≈§#.§ ≈≈#≈≈≈#
#§≈≈#≈§§#.≈


You could see 2 jackals and a ball python.

Vanquished Creatures
  A jackal (D:1)
1 creature vanquished.

Notes
Turn   | Place    | Note
-------+----------+-------------------------------------------
     0 | D:1      | Bnni the Formicid Hexslinger began the quest for the Orb.
     0 | D:1      | Reached XP level 1. HP: 15/15 MP: 2/2
   127 | D:1      | Slain by a jackal

Illustrated notes

Levels and vault maps discovered:
D:1:      dpeg_arrival_water_fire, layout_rooms

Action                   || total
-------------------------++-------
 Fire: Sling             ||     8
Armor: Robe              ||     2
Dodge: Dodged            ||    14

Table legend: (Time is in decaauts)
 A = Elapsed time spent in this place.
 B = Non-inter-level travel time spent in this place.
 C = Inter-level travel time spent in this place.
 D = Time resting spent in this place.
 E = Time spent auto-exploring this place.
 F = Levels seen in this place.
 G = Mean time per level.
                   A        B        C        D        E       F      G
               +--------+--------+--------+--------+--------+-----+--------+
         Total |    129 |    129 |      0 |      0 |    108 |   1 |  129.0 |
       Dungeon |    129 |    129 |      0 |      0 |    108 |   1 |  129.0 |
               +--------+--------+--------+--------+--------+-----+--------+

Top non-repeatable levels by time:
     D:1: 129 daAuts
